 Dungeon Crawl Stone Soup version 0.30-a0-738-g116ff8c4af (webtiles) character file.

Game seed: 2414313086808705921

126 kae the Digger (level 5, -7/28 HPs)
             Began as a Gargoyle Earth Elementalist on Feb 2, 2023.
             Mangled by an ogre
             ... wielding a +0 giant spiked club
              (20 damage)
             ... on level 4 of the Dungeon on Feb 3, 2023.
             The game lasted 00:03:58 (2886 turns).

kae the Digger (Gargoyle Earth Elementalist)        Turns: 2886, Time: 00:03:59

Health: -7/28      AC:  6    Str: 11    XL:     5   Next: 9%
Magic:  5/9        EV: 11    Int: 18    God:
Gold:   114        SH:  0    Dex: 10    Spells: 4/10 levels left

rFire   . . .      SeeInvis .    g - +1 whip (venom)
rCold   . . .      Faith    .    (no shield)
rNeg    + + .      Spirit   .    a - +0 robe
rPois   ∞          Reflect  .    (no helmet)
rElec   +          Harm     .    (no cloak)
rCorr   .          Rampage  .    (no gloves)
Will    .....                    (no boots)
Stlth   ++                       (no amulet)
HPRegen 0.24/turn                N - ring of positive energy
MPRegen 0.11/turn                (no ring)

@: no status effects
A: sickness immunity, AC +4, negative energy resistance 1, electricity
resistance, torment resistance 1, petrification resistance
a: no special abilities


You were on level 4 of the Dungeon.
You visited 1 branch of the dungeon, and saw 4 of its levels.

You collected 114 gold pieces.


Innate Abilities, Weirdness & Mutations

You are immune to sickness and miasma.
Your stone body is resilient. (AC +4)
You are immune to poison.
You resist negative energy. (rN+)
You are resistant to electric shocks. (rElec)
You are resistant to unholy torment.
You are immune to petrification.


   Skills:
 - Level 1.5 Dodging
 - Level 2.1 Stealth
 + Level 3.0 Spellcasting
 * Level 0.8 Conjurations
 - Level 0.7 Transmutations
 * Level 5.8 Earth Magic


You had 4 spell levels left.
You knew the following spells:

 Your Spells              Type           Power      Damage    Failure   Level
a - Sandblast             Erth           46%        2d11      1%          1
b - Stone Arrow           Conj/Erth      28%        3d8       12%         3
c - Passwall              Tmut/Erth      11%        N/A       6%          2

Your spell library contained the following spells:

 Spells                   Type           Power      Damage    Failure   Level
 Summon Small Mammal      Summ           8%         N/A       16%         1
 Petrify                  Tmut/Erth      14%        N/A       38%         4
 Call Canine Familiar     Summ           2%         N/A       43%         3
 Summon Guardian Golem    Hex/Summ       2%         N/A       43%         3
 Animate Armour           Summ/Erth      26%        N/A       43%         4
 Lehudib's Crystal Spear  Conj/Erth      7%         10d3      100%        8

Inventory:

Hand Weapons
 g - a +1 whip of venom (weapon)
   (You found it on level 1 of the Dungeon)
Missiles
 c - 28 stones
 n - 4 boomerangs
Armour
 a - a +0 robe (worn)
Magical Staves
 k - a staff of fire {!a}
   (You found it on level 4 of the Dungeon)
Jewellery
 C - a ring of ice
   (You found it on level 3 of the Dungeon)
 E - a +5 ring of evasion
   (You found it on level 2 of the Dungeon)
 I - a +6 ring of intelligence
   (You found it on level 2 of the Dungeon)
 N - a ring of positive energy (left hand)
   (You found it on level 1 of the Dungeon)
Scrolls
 e - 2 scrolls of teleportation {@r4}
 h - a scroll of poison
Potions
 b - a potion of magic
 d - 2 potions of resistance
 f - 2 potions of flight {unknown}
 i - 3 potions of berserk rage {unknown}
 j - a potion of attraction {unknown}
 l - a potion of invisibility
 m - a potion of cancellation {unknown}

Dungeon Overview and Level Annotations

Branches:
Dungeon (4/15) Zot: 21072
 Temple: D:4-7

Altars:

Shops:
D:2

[ ### #........ ..#
######.....#
#†###...##.....#
........##.....##
#.###..........[# # #
#.# ##........#.# >#.#
#.# ##...##....# (...#
#.# #........#.###......
#............##.@.......
#####.......####O#...<<#
###...###


hh....... #...# ..#....... ##... g#. .....#. # #h.. ..#.## h .. .#.$# . ...
...># You could see an ogre, 4 jackals and a hobgoblin.


Message History

Moving in this stuff is going to be slow.
Key pressed, stopping explore.
You see here a +0 spear.
You enter the shallow water.
Moving in this stuff is going to be slow.
Key pressed, stopping explore.
You enter the shallow water.
Moving in this stuff is going to be slow.
You enter the shallow water.
Moving in this stuff is going to be slow.
You enter the shallow water.
Moving in this stuff is going to be slow.
You see here a +0 spear.
Key pressed, stopping explore.
Partly explored, can't reach some places. 😎 MP[+1]
Your mp is fully restored (9).
Partly explored, can't reach some places.
Partly explored, can't reach some places.
Partly explored, can't reach some places.
(D) Dungeon
Where to? (? - help)
There is a stone staircase leading down here.
You climb downwards.
There is a stone staircase leading up here.
As you read the scroll labelled SANITIMIUSS, it crumbles to dust.
The scroll dissolves into smoke.
It was a scroll of fog.
Unknown command.
k - a staff of fire {!a}
n - 4 boomerangs An adder comes into view.
An adder is nearby!
An adder is nearby!
Casting: Sandblast (safe; 1% risk of failure)
Confirm with . or Enter, or press ? or * to list all spells.
Aiming: Sandblast (safe; 1% risk of failure)
Press: ? - help, Shift-Dir - straight line, f - adder
Aim: an adder (asleep, 100% to hit)
The blast of sand hits the adder!
You kill the adder! 😎 MP[-1]
You lost 1 mp, and now have 8/9 mp.
You see here an adder corpse.
Key pressed, stopping explore.
Casting: Sandblast (safe; 1% risk of failure)
Confirm with . or Enter, or press ? or * to list all spells.
You can't see any susceptible monsters within range! (Use Z to cast anyway.) 😎 MP[+1]
Your mp is fully restored (9).
Found an escape hatch in the ceiling.
Found a stone staircase leading up and a stone staircase leading down.
An ogre and a jackal come into view.
Found 4 stones.
Found an escape hatch in the floor.
The ogre shouts!
You hear a bark!
A jackal comes into view.
The jackal moves out of view.
There are monsters nearby!
Casting: Sandblast (safe; 1% risk of failure)
Confirm with . or Enter, or press ? or * to list all spells.
Aiming: Sandblast (safe; 1% risk of failure)
Press: ? - help, Shift-Dir - straight line, f - ogre
Aim: an ogre, wielding a +0 giant spiked club (92% to hit)
The blast of sand hits the ogre!
The jackal barks!
You hear a shout! 😎 MP[-1]
You lost 1 mp, and now have 8/9 mp.
Casting: Sandblast (safe; 1% risk of failure)
Confirm with . or Enter, or press ? or * to list all spells.
Aiming: Sandblast (safe; 1% risk of failure)
Press: ? - help, Shift-Dir - straight line, f/p - ogre
Aim: an ogre, wielding a +0 giant spiked club (moderately wounded, 92% to hit)
The blast of sand misses the ogre.
The jackal barks!
A hobgoblin comes into view. 😎 MP[-1]
You lost 1 mp, and now have 7/9 mp.
Casting: Sandblast (safe; 1% risk of failure)
Confirm with . or Enter, or press ? or * to list all spells.
Aiming: Sandblast (safe; 1% risk of failure)
Press: ? - help, Shift-Dir - straight line, f/p - ogre
Aim: an ogre, wielding a +0 giant spiked club (moderately wounded, 92% to hit)
The blast of sand hits the ogre.
The ogre hits you with a +0 giant spiked club!
Ouch! That really hurt!
* * * LOW HITPOINT WARNING * * *
A jackal comes into view. 😨 HP[-15] MP[-1]
You take 15 damage, and now have 13/28 hp.
MASSIVE DAMAGE!! (PAUSE)
You lost 1 mp, and now have 6/9 mp.
Casting: Sandblast (safe; 1% risk of failure)
Confirm with . or Enter, or press ? or * to list all spells.
Aiming: Sandblast (safe; 1% risk of failure)
Press: ? - help, Shift-Dir - straight line, f/p - ogre
Aim: an ogre, wielding a +0 giant spiked club (heavily wounded, 92% to hit)
The blast of sand hits the ogre.
A jackal comes into view.
The ogre hits you with a +0 giant spiked club!!
Ouch! That really hurt!
You die...

Skill      XL: |  1  2  3  4 |
---------------+-------------+-----
Earth Magic    | 4 5 |  5.8
Spellcasting   | 3 |  3.0
Dodging        | |  1.5
Stealth        | |  2.1
Conjurations   | |  0.8
Transmutations | |  0.7

Action                     |  1- 3 |  4- 6 || total
---------------------------+-------+-------++-------
  Melee: Whip              |     9 |     1 ||    10
   Cast: Sandblast         |    34 |    36 ||    70
    Use: Scroll            |       |     8 ||     8
 Armour: Robe              |     4 |     6 ||    10
  Dodge: Dodged            |     8 |     1 ||     9

Levels and vault maps discovered:
D:1:      dpeg_arrival_rhombus, layout_loops_ring,
          corexii_item_surrounded_by_moat, minmay_misc_feat_cross,
          chequers_jeans, minmay_pentomino_u4
D:2:      layout_basic, dreamdust_ecumenical_altar_angels_and_demons,
          serial_shops, nicolae_shop_hallway_plus, minmay_quadrilaterals,
          uniq_jessica
D:3:      layout_loops_ring, chequers_big_river
D:4:      minmay_door_path, layout_loops_ring

Notes
Turn   | Place    | Note
-------+----------+-------------------------------------------
     0 | D:1      | kae the Gargoyle Earth Elementalist began the quest for the
                  | Orb.
     0 | D:1      | Reached XP level 1. HP: 10/10 MP: 3/3
     0 | D:1      | magus.rc [v1.11.3]
   163 | D:1      | Reached skill level 4 in Earth Magic
   185 | D:1      | Reached XP level 2. HP: 15/15 MP: 3/5
   483 | D:1      | Reached XP level 3. HP: 17/19 MP: 2/6
   938 | D:2      | Noticed Jessica
   941 | D:2      | Killed Jessica
   942 | D:2      | Reached skill level 5 in Earth Magic
   942 | D:2      | Reached XP level 4. HP: 24/24 MP: 5/8
  1291 | D:2      | Found Ixe Veps's Antique Armour Boutique.
  1575 | D:2      | Found a faded altar of an unknown god.
  1670 | D:2      | You pick up a book of Armaments and begin reading...
  1670 | D:2      | You add the spells Animate Armour and Lehudib's Crystal
                  | Spear to your library.
  1998 | D:3      | Reached skill level 3 in Spellcasting
  1998 | D:3      | Upgraded the game from 0.30-a0-737-gf23d94013f to
                  | 0.30-a0-738-g116ff8c4af
  1998 | D:3      | magus.rc [v1.11.3]
  2026 | D:3      | You pick up a book of Callings and begin reading...
  2026 | D:3      | You add the spells Summon Small Mammal, Call Canine
                  | Familiar and Summon Guardian Golem to your library.
  2092 | D:3      | Learned a level 3 spell: Stone Arrow
  2095 | D:3      | Learned a level 2 spell: Passwall
  2392 | D:3      | Reached XP level 5. HP: 28/28 MP: 5/9
  2882 | D:4      | Noticed an ogre
  2886 | D:4      | Mangled by an ogre

Vanquished Creatures
  Jessica (D:2)
  4 adders
  9 endoplasms
  4 giant cockroaches
  5 goblins
  4 hobgoblins
  4 jackals (D:3)
  7 kobolds
  2 quokkas
  8 ball pythons
  3 bats
  3 frilled lizards (D:1)
  6 rats
60 creatures vanquished.

Table legend:
 A = Non-vault XP
 B = Vault XP
 C = Vault XP percentage of total XP
 D = Non-vault monster count
 E = Vault monster count
 F = Vault count percentage of total count
                 A         B        C        D         E       F
            +---------+---------+-------+---------+---------+-------
      Total |     125 |      55 |  30.6 |      55 |       5 |   8.3
            +---------+---------+-------+---------+---------+-------
        D:1 |      43 |       5 |  10.4 |      27 |       3 |  10.0
        D:2 |      30 |      50 |  62.5 |      10 |       2 |  16.7
        D:3 |      39 |       0 |   0.0 |      17 |       0 |   0.0
        D:4 |      13 |       0 |   0.0 |       1 |       0 |   0.0
            +---------+---------+-------+---------+---------+-------

Illustrated notes

Table legend:
 A = Kills in this place as a percentage of kills in entire the game.
 B = Kills by you in this place as a percentage of kills by you in the entire game.
 C = Kills by friends in this place as a percentage of kills by friends in the entire game.
 D = Other kills in this place as a percentage of other kills in the entire game.
 E = Experience gained in this place as a percentage of experience gained in the entire game.
 F = Experience gained in this place divided by the number of levels of this place that you have seen.
                   A       B       C       D       E      F
               +-------+-------+-------+-------+-------+----------------------
         Total | 100.0 | 100.0 |   N/A |   N/A | 100.0 |  45.0
       Dungeon | 100.0 | 100.0 |   N/A |   N/A | 100.0 |  45.0
               +-------+-------+-------+-------+-------+----------------------

Table legend: (Time is in decaauts)
 A = Elapsed time spent in this place.
 B = Non-inter-level travel time spent in this place.
 C = Inter-level travel time spent in this place.
 D = Time resting spent in this place.
 E = Time spent auto-exploring this place.
 F = Levels seen in this place.
 G = Mean time per level.
                   A        B        C        D        E       F      G
               +--------+--------+--------+--------+--------+-----+--------+
         Total |   2926 |   2808 |    118 |      0 |   2510 |   4 |  731.5 |
       Dungeon |   2926 |   2808 |    118 |      0 |   2510 |   4 |  731.5 |
               +--------+--------+--------+--------+--------+-----+--------+

Top non-repeatable levels by time:
     D:1: 954 daAuts
     D:3: 936 daAuts
     D:2: 921 daAuts
     D:4: 114 daAuts
